 Dungeon Crawl Stone Soup version 0.19.4-9-g45fd643 (webtiles) character file.

160 JNO the Skirmisher (level 5, -1/41 HPs)
             Began as a Human Skald on Feb 15, 2017.
             Slain by a phantom (6 damage)
             ... on level 4 of the Dungeon.
             The game lasted 00:14:26 (2901 turns).

JNO the Skirmisher (Human Skald)                    Turns: 2901, Time: 00:14:27

Health: -1/41      AC:  7    Str: 12    XL:     5   Next: 69%
Magic:  8/8        EV:  5    Int: 13    God:
Gold:   171        SH: 11    Dex: 13    Spells: 3 memorised, 2 levels left

rFire  . . .     SeeInvis .     a - +1 spear
rCold  . . .     Gourm    .     k - +0 ring mail
rNeg   . . .     Faith    .     i - +1 large shield
rPois  .         Spirit   .     (no helmet)
rElec  .         Reflect  .     g - +0 cloak
rCorr  .         Harm     .     o - +0 pair of gloves
MR     .....                    (no boots)
Stlth  +.........               (no amulet)
                                (no ring)
                                (no ring)

@: no status effects
A: no striking features
a: no special abilities


You were on level 4 of the Dungeon.
You were not hungry.

You visited 1 branch of the dungeon, and saw 4 of its levels.

You collected 171 gold pieces.

Inventory:

Hand Weapons
 a - a +1 spear (weapon)
Armour
 g - a +0 cloak (worn)
 i - a +1 large shield (worn)
 k - a +0 ring mail (worn)
 o - a +0 pair of gloves (worn)
Scrolls
 e - a scroll of amnesia
 f - a scroll of fog
 j - 3 scrolls of identify
 m - a scroll of teleportation
Potions
 b - 2 potions of brilliance
 h - a potion of degeneration {unknown}
Books
 c - a book of Battle

   Spells                             Type                      Level
   a - Infusion                       Charms                       1
   b - Shroud of Golubria             Charms/Translocation         2
   c - Song of Slaying                Charms                       2
   d - Spectral Weapon                Hexes/Charms                 3
   e - Regeneration                   Charms/Necromancy            3
Comestibles
 d - 2 bread rations
 n - a meat ration


   Skills:
 + Level 3.5 Fighting
 + Level 3.0 Polearms
 + Level 2.6 Armour
 - Level 1.0 Dodging
 + Level 0.6 Shields
 - Level 2.2 Spellcasting
 - Level 3.2 Charms


You had 2 spell levels left.
You knew the following spells:

 Your Spells              Type           Power        Failure   Level  Hunger
a - Infusion              Chrm           #...         100%        1    ##.....
b - Song of Slaying       Chrm           #.......     100%        2    ###....
c - Spectral Weapon       Hex/Chrm       #.......     100%        3    ####...


Dungeon Overview and Level Annotations

Branches:
Dungeon (4/15)
 Temple: D:4-7

Altars:
Cheibriados
Sif Muna
The Shining One


Message History

Press: ? - help, Dir - move target cursor, f/p - phantom
Aim: a phantom (moderately damaged)
You reach to attack!
You hit the phantom but do no damage.
The phantom is moderately damaged.
The phantom hits you.
* * * LOW HITPOINT WARNING * * *
You are too injured to fight recklessly!
You are too injured to fight recklessly!
You are too injured to fight recklessly!
You are too injured to fight recklessly!
You are too injured to fight recklessly!
You are too injured to fight recklessly!
You are too injured to fight recklessly!
You are too injured to fight recklessly!
Your shield and ring mail prevent you from hitting the phantom.
The phantom is moderately damaged.
The phantom hits you!
* * * LOW HITPOINT WARNING * * *
The phantom hits you.
You die...

#...# ######...#
#........#
#.......>#
####........#
#...........#
#.##........#
#.##........#
#.#..@W.......#
#[............#
###...........#
#...........####
##.#............
#.#.......#####
#.#.(.........
#.##.#########
#. #.#


You could see a phantom.

Vanquished Creatures
  A howler monkey (D:4)
  5 adders
  An ooze (D:1)
  A dart slug (D:1)
  A leopard gecko (D:1)
  An orc (D:3)
  6 bats
  2 giant cockroaches
  16 goblins
  4 hobgoblins
  6 jackals (D:2)
  11 kobolds
  8 frilled lizards
  10 rats
73 creatures vanquished.

Notes
Turn   | Place    | Note
-------+----------+-------------------------------------------
     0 | D:1      | JNO the Human Skald began the quest for the Orb.
     0 | D:1      | Reached XP level 1. HP: 16/16 MP: 3/3
   122 | D:1      | Reached XP level 2. HP: 16/22 MP: 1/5
   129 | D:1      | Learned a level 2 spell: Song of Slaying
   512 | D:1      | Reached XP level 3. HP: 27/28 MP: 0/6
  1286 | D:2      | Reached XP level 4. HP: 30/34 MP: 7/7
  1365 | D:2      | Learned a level 3 spell: Spectral Weapon
  1514 | D:2      | Found a snail-covered altar of Cheibriados.
  2020 | D:3      | Reached XP level 5. HP: 36/41 MP: 8/8
  2322 | D:3      | Found a glowing golden altar of the Shining One.
  2712 | D:3      | Found a deep blue altar of Sif Muna.
  2856 | D:4      | Noticed a phantom
  2901 | D:4      | Slain by a phantom

Skill      XL: |  1  2  3  4  5 |
---------------+----------------+-----
Armour         | 2 |  2.6
Fighting       | 3 |  3.5
Polearms       | 3 |  3.0
Dodging        | |  1.0
Shields        | |  0.6
Spellcasting   | |  2.2
Charms         | |  3.2

Action                   |  1- 3 |  4- 6 || total
-------------------------+-------+-------++-------
Melee: Spear             |   132 |   224 ||   356
 Cast: Infusion          |     7 |       ||     7
       Song of Slaying   |     2 |       ||     2
  Use: Scroll            |       |     9 ||     9
  Eat: Meat ration       |     1 |       ||     1
       Chunk             |       |     2 ||     2
Armor: Leather armour    |    26 |       ||    26
       Ring mail         |     4 |    75 ||    79
Dodge: Dodged            |    36 |    30 ||    66
Block: Large shield      |    25 |    95 ||   120
